 Seeded DCSS version 0.31-a0-435-g2c6fae2916 (webtiles) character file.

Game seed: 13282805550710830318 (custom seed)

592 Gelion the Changeling (level 7, -1/47 HPs)
             Began as an Octopode Shapeshifter on Aug 1, 2023.
             Slain by a gnoll
             ... wielding a +0 club
              (8 damage)
             ... on level 4 of the Dungeon.
             The game lasted 00:06:04 (3742 turns).

Gelion the Changeling (Octopode Shapeshifter)       Turns: 3742, Time: 00:06:05

Health: -1/47      AC:  1    Str: 14    XL:     7   Next: 39%
Magic:  7/7        EV: 13    Int: 10    God:
Gold:   165        SH:  0    Dex: 15    Spells: 6/6 levels left

rFire   . .          .
                       - Unarmed
rCold   . . .        (no shield)
rNeg    . . .        (helmet currently unavailable)
rPois   .            (no amulet)
rElec   .            (no ring)
rCorr   .            (no ring)
SInv    .            (no ring)
Will    .....        (no ring)
Stlth   ++           (no ring)
HPRegen 0.27/turn    (no ring)
MPRegen 0.10/turn    (no ring)
                     (no ring)

%: no passive effects
@: beast-form
A: beast (slay +3), almost no armour, amphibious, 8 rings, camouflage 1,
gelatinous body 1, (nimble swimmer 1), tentacles
a: Begin Untransformation


You were on level 4 of the Dungeon.
You were a hulking beast.
You visited 1 branch of the dungeon, and saw 4 of its levels.

You collected 165 gold pieces.

Inventory:

Armour
 n - a +2 kite shield
Talismans
 b - a beast talisman (active)
Wands
 p - a wand of flame (19)
Scrolls
 e - 2 scrolls of revelation {unknown}
 h - a scroll of poison {unknown}
 j - 3 scrolls of identify {unknown}
 k - a scroll of enchant weapon {unknown}
 o - a scroll of fear {unknown}
Potions
 a - a potion of lignification
 c - 2 potions of curing {unknown}
 d - a potion of berserk rage {unknown}
 f - a potion of brilliance {unknown}
 g - a potion of enlightenment {unknown}
 i - a potion of invisibility {unknown}
 l - 2 potions of degeneration {unknown}
 m - a potion of attraction {unknown}


   Skills:
 + Level 3.8 Fighting
 - Level 2.0 Dodging
 + Level 4.8 Unarmed Combat
 * Level 5.4 Shapeshifting


You had 6 spell levels left.
You didn't know any spells.
Your spell library contained the following spells:

 Spells                   Type           Power      Damage    Failure   Level
 Animate Dead             Necr           0%         N/A       98%         4
 Borgnjor's Vile Clutch   Necr/Erth      0%         N/A       100%        5
 Death Channel            Necr           0%         N/A       100%        6


Dungeon Overview and Level Annotations

Branches:
Dungeon (4/15)
 Temple: D:4-7

Altars:
Wu Jian

Shops:
D:2 ?   D:3 =


Innate Abilities, Weirdness & Mutations

You are a hulking beast.
Your limbs bulge with bestial killing power. (Slay +3)
You cannot wear most types of armour.
You are amphibious.
You can wear up to eight rings at the same time.
Your skin changes colour to match your surroundings (Stealth+).
Your rubbery body absorbs attacks. (AC +1, EV +1)
((You are camouflaged when in or above water. (Stealth+)))
You have tentacles for arms and can constrict up to eight enemies at once.


Message History

You constrict the orc.
You kill the orc!
The orc hits you with a +0 short sword.
Things that are here:
a +0 club; an orc corpse You tentacle-slap the orc but do no damage.
Your grab misses the orc. The orc hits you with a +0 short sword.
* * * LOW HITPOINT WARNING * * *
You closely miss the orc. You grab the orc. You squeeze the orc!
You kill the orc!
Things that are here:
a +0 short sword; a +0 leather armour A kobold comes into view.
It is wielding a +0 short sword.
The kobold hits you with a +0 short sword.
You bludgeon the kobold!
You kill the kobold!
No target in view!
You see here a +0 short sword.
A gnoll comes into view. It is wielding a +0 spear.
A gnoll comes into view. It is wielding a +1 heavy spear.
A gnoll comes into view. It is wielding a +0 club.
The gnoll shouts! x2
The gnoll hits you from afar with a +1 heavy spear.
You closely miss the gnoll. You grab the gnoll. You constrict the gnoll.
The gnoll closely misses you.
The gnoll struggles to escape constriction.
The gnoll hits you from afar with a +1 heavy spear!
You tentacle-slap the gnoll.
You squeeze the gnoll, but do no damage.
The gnoll is heavily wounded.
You constrict the gnoll. The gnoll closely misses you.
The gnoll escapes!
You tentacle-slap the gnoll. Your grab misses the gnoll.
The gnoll is heavily wounded.
The gnoll hits you from afar with a +1 heavy spear!
The gnoll hits you from afar with a +0 spear!
* * * LOW HITPOINT WARNING * * *
The gnoll hits you with a +0 club.
* * * LOW HITPOINT WARNING * * *
The gnoll attacks as you move away! The gnoll hits you with a +0 club!
You die...

.# ... #... #
###.... #.##
##.... #..##...#
#g.g..# #g.h..#
#.##..# #. #..##
.. # ##..#
##...... #..##
#......#.
##..####......#.
###
#...##.........
#.###
##..#..........
#.#..####
#.............


You could see 3 gnolls.

Vanquished Creatures
  Sigmund (D:3)
  A black bear (D:4)
  An ogre (D:4)
  A gnoll bouda (D:3)
  An orc priest (D:4)
  3 gnolls
  5 adders
  An ufetubus (D:4)
  3 worms (D:2)
  2 dart slugs (D:2)
  9 orcs
  11 endoplasms
  3 giant cockroaches
  7 hobgoblins
  7 jackals
  6 quokkas
  8 ball pythons
  9 bats
  3 frilled lizards
  9 goblins
  8 kobolds
  4 rats
103 creatures vanquished.

Notes
Turn   | Place    | Note
-------+----------+-------------------------------------------
     0 | D:1      | Gelion the Octopode Shapeshifter began the quest for the
                  | Orb.
     0 | D:1      | Reached XP level 1. HP: 13/13 MP: 1/1
   102 | D:1      | Reached XP level 2. HP: 7/18 MP: 2/2
   447 | D:1      | Reached XP level 3. HP: 23/23 MP: 3/3
  1003 | D:2      | Found Ixaiploh's Magic Scroll Shoppe.
  1104 | D:2      | Reached XP level 4. HP: 29/29 MP: 4/4
  1106 | D:2      | Found a faded altar of an unknown god.
  1656 | D:3      | Noticed Sigmund
  1670 | D:3      | Killed Sigmund
  1671 | D:3      | Reached skill level 4 in Shapeshifting
  1671 | D:3      | Reached XP level 5. HP: 14/36 MP: 5/5
  1671 | D:3      | Reached XP level 6. HP: 16/41 MP: 6/6
  1927 | D:3      | Found an ornate altar of the Wu Jian Council.
  2210 | D:3      | Found Hasiotor's Jewellery Boutique.
  2791 | D:4      | Reached skill level 5 in Shapeshifting
  2846 | D:4      | Reached XP level 7. HP: 38/46 MP: 7/7
  3742 | D:4      | Slain by a gnoll

Illustrated notes

Levels and vault maps discovered:
D:1:      lightli_iron_boxes, layout_basic
D:2:      layout_loops_ring, shapermc_ecumenical_altar_pompeii, serial_shops,
          shop_statue
D:3:      layout_basic, nzn_wu_jian_contemplation, serial_shops,
          nicolae_shop_behind_doors, uniq_sigmund
D:4:      layout_layer_cave, kennysheep_path_1, grunt_ministairs_9,
          minmay_a_box_with_orc_wizards_in_it

Skill      XL: |  1  2  3  4  5  6 |
---------------+-------------------+-----
Fighting       | 2 3 |  3.8
Unarmed Combat | 4 |  4.8
Shapeshifting  | 4 5 |  5.4
Dodging        | |  2.0

Action                     |  1- 3 |  4- 6 |  7- 9 || total
---------------------------+-------+-------+-------++-------
  Melee: Unarmed           |    65 |    84 |    35 ||   184
         Constrict         |    20 |    15 |    12 ||    47
         Tentacles         |     8 |    10 |     5 ||    23
         Punch             |       |     3 |       ||     3
    Use: Potion            |       |     1 |       ||     1
   Stab: Sleeping          |    12 |     8 |     1 ||    21
 Armour: Skin              |     7 |    15 |     4 ||    26
  Dodge: Dodged            |    27 |    56 |    20 ||   103

Table legend: (Time is in decaauts)
 A = Elapsed time spent in this place.
 B = Non-inter-level travel time spent in this place.
 C = Inter-level travel time spent in this place.
 D = Time resting spent in this place.
 E = Time spent auto-exploring this place.
 F = Levels seen in this place.
 G = Mean time per level.
                   A        B        C        D        E       F      G
               +--------+--------+--------+--------+--------+-----+--------+
         Total |   3730 |   3612 |    118 |    164 |   2875 |   4 |  932.5 |
       Dungeon |   3730 |   3612 |    118 |    164 |   2875 |   4 |  932.5 |
               +--------+--------+--------+--------+--------+-----+--------+

Top non-repeatable levels by time:
     D:3: 1181 daAuts
     D:4: 1040 daAuts
     D:2: 860 daAuts
     D:1: 649 daAuts
